 Dungeon Crawl Stone Soup version 0.28.0-47-ge53b351184 (webtiles) character file.

Game seed: 17320744472265833251

1114 NinjaNoafa the Skirmisher (level 8, -1/74 HPs)
             Began as a Minotaur Fighter on Apr 27, 2022.
             Slain by a gnoll sergeant
             ... wielding a +5 trident of protection
              (16 damage)
             ... on level 6 of the Dungeon.
             The game lasted 00:07:44 (4479 turns).

NinjaNoafa the Skirmisher (Minotaur Fighter)        Turns: 4479, Time: 00:07:44

Health: -1/74      AC: 12    Str: 23    XL:     8   Next: 12%
Magic:  10/10      EV:  7    Int:  5    God:
Gold:   78         SH: 10    Dex: 10    Spells: 11/11 levels left

rFire   . . .      SeeInvis +   A - +1 mace (venom)
rCold   . . .      Faith    .   c - +0 buckler
rNeg    . . .      Spirit   .   v - +0 chain mail
rPois   .          Reflect  +   (helmet restricted)
rElec   .          Harm     .   (no cloak)
rCorr   .          Rampage  .   x - +0 pair of gloves
Will    .....      Rage     1%  d - +0 pair of boots
Stlth   ..........              z - amulet of reflection
HPRegen 0.22/turn               n - ring of see invisible
MPRegen 0.12/turn               (no ring)

@: on berserk cooldown, slowed, very slow
A: horns 2, retaliatory headbutt, berserk 1, robust 1
a: no special abilities


You were on level 6 of the Dungeon.
You visited 1 branch of the dungeon, and saw 6 of its levels.

You collected 168 gold pieces.
You spent 90 gold pieces at shops.

Inventory:

Hand Weapons
 A - a +1 mace of venom (weapon)
Missiles
 r - 5 datura-tipped darts (quivered)
 D - 2 poisoned darts
Armour
 c - a +0 buckler (worn)
 d - a +0 pair of boots (worn)
 v - a +0 chain mail (worn)
 x - a +0 pair of gloves (worn)
Jewellery
 n - a ring of see invisible (left hand)
 t - an amulet of guardian spirit
 z - an amulet of reflection (around neck)
Wands
 b - a wand of polymorph (2)
 E - a wand of charming (7)
Scrolls
 e - a scroll of identify {unknown}
 f - a scroll of immolation {unknown}
 h - a scroll of amnesia {unknown}
 j - 2 scrolls of teleportation {unknown}
 m - a scroll of acquirement {unknown}
 o - a scroll of vulnerability {unknown}
 p - a scroll of fear {unknown}
 s - a scroll of fog {unknown}
 u - a scroll of magic mapping {unknown}
 w - a scroll of torment {unknown}
 y - 4 scrolls of noise {unknown}
 B - a scroll of enchant armour
 C - a scroll of holy word {unknown}
Potions
 a - a potion of resistance
 g - 2 potions of lignification
 i - a potion of mutation
 k - a potion of berserk rage {unknown}
 l - a potion of flight
 q - 2 potions of haste


   Skills:
 - Level 5.3 Fighting
 - Level 2.4 Long Blades
 - Level 4.0(4.7) Axes
 + Level 3.5(4.5) Maces & Flails
 - Level 5.3 Armour
 - Level 5.3 Shields
 - Level 2.0 Spellcasting
 + Level 4.3 Evocations


You had 11 spell levels left.
You didn't know any spells.
Your spell library contained the following spells:

 Spells                   Type           Power      Damage    Failure   Level
 Sting                    Tmut/Pois      0%         1d3       99%         1
 Ensorcelled Hibernation  Hex/Ice        0%         N/A       99%         2
 Passwall                 Tmut/Erth      0%         N/A       99%         2
 Poisonous Vapours        Pois/Air       0%         N/A       99%         2
 Swiftness                Air            0%         N/A       100%        3
 Olgreb's Toxic Radiance  Pois           0%         N/A       100%        4


Dungeon Overview and Level Annotations

Branches:
Dungeon (6/15)
 Temple: D:4-7

Altars:
Qazlal

Shops:
D:5 =[?


Innate Abilities, Weirdness & Mutations

You have a pair of horns on your head.
You reflexively headbutt those who attack you in melee.
You tend to lose your temper in combat.
You are robust. (+10% HP)


Message History

You are exhausted.
You feel yourself slow down.
You feel sick.
Things that are here:
a +0 hand axe; an orc corpse You start resting.
You feel sick. x3
You are no longer poisoned.
An ogre comes into view. It is wielding a +0 giant club.
Items here: )) ††.
An ogre is nearby!
The ogre shouts!
You hear a shout!
A gnoll comes into view. It is wielding a +0 club.
The gnoll shouts!
The ogre hits you with a +0 giant club!
A gnoll comes into view. It is wielding a +0 halberd.
The gnoll shouts!
You block the ogre's attack.
A gnoll sergeant comes into view.
It is wielding a +5 trident of protection.
The gnoll sergeant shouts!
You sock the ogre!
The ogre looks as sick as possible!
The ogre is moderately wounded.
You hear a shout!
The ogre hits you with a +0 giant club.
The gnoll throws a throwing net.
The throwing net hits you.
You become entangled in the net!
A gnoll comes into view. It is wielding a +0 whip.
The ogre closely misses you.
You struggle against the net.
The ogre hits you with a +0 giant club!
A gnoll comes into view. It is wielding a +0 flail.
You struggle against the net.
The gnoll shouts!
The gnoll hits you with a +0 club. The ogre barely misses you.
You tear a large gash into the net.
The gnoll closely misses you.
The ogre hits you with a +0 giant club!!
* * * LOW HITPOINT WARNING * * *
The gnoll hits you but does no damage.
The gnoll sergeant hits you from afar with a +5 trident of protection.
* * * LOW HITPOINT WARNING * * *
You shred the net and break free! The ogre completely misses you.
The gnoll hits you but does no damage. You block the gnoll's attack.
The gnoll sergeant hits you from afar with a +5 trident of protection!
You die...

... #.####### #####
#..##.<.....##.....
##...).####........
.......#.#####.......
##.#.......))).......
# ###...##)##...<...
##...##..........
........#..$.....
.....##..@O#.......
..... ###g.g.......
(.... ##.gg...###
.$.. ##g...# #...#
.... ##.


You could see an ogre (very poisoned), a gnoll sergeant and 4 gnolls.

Vanquished Creatures
  An ogre (D:6)
  2 phantoms
  A centaur (D:5)
  3 scorpions
  A bullfrog zombie (D:5)
  A jelly (D:4)
  2 hounds
  2 bullfrog skeletons
  Ijyb (D:4)
  2 iguanas
  5 orc wizards (D:4)
  A hound zombie (D:5)
  8 gnolls
  A howler monkey skeleton (D:6)
  6 adders
  A white imp (D:6)
  An ufetubus (D:4)
  3 worms
  A dart slug (D:3)
  11 orcs
  8 endoplasms
  5 goblins
  7 hobgoblins
  2 quokkas
  5 ball pythons
  3 bats
  4 frilled lizards
  A giant cockroach (D:2)
  2 jackal skeletons (D:4)
  7 kobolds
  8 rats
106 creatures vanquished.

Vanquished Creatures (others)
  4 plants (D:4)
4 creatures vanquished.

Grand Total: 110 creatures vanquished

Notes
Turn   | Place    | Note
-------+----------+-------------------------------------------
     0 | D:1      | NinjaNoafa the Minotaur Fighter began the quest for the
                  | Orb.
     0 | D:1      | Reached XP level 1. HP: 19/19 MP: 0/0
   153 | D:1      | Found a faded altar of an unknown god.
   272 | D:1      | Reached skill level 1 in Axes
   272 | D:1      | Reached XP level 2. HP: 27/27 MP: 1/1
   424 | D:2      | You fall into a shaft and drop 2 floors!
   802 | D:3      | Found a stormy altar of Qazlal.
   876 | D:3      | Reached XP level 3. HP: 33/33 MP: 2/2
  1062 | D:2      | Noticed a phantom
  1065 | D:2      | Killed a phantom
  1066 | D:2      | Reached XP level 4. HP: 33/40 MP: 2/6
  1080 | D:2      | Reached XP level 5. HP: 34/46 MP: 1/7
  2575 | D:4      | Noticed Ijyb
  2585 | D:4      | Killed Ijyb
  2586 | D:4      | Reached XP level 6. HP: 51/53 MP: 6/8
  2627 | D:4      | Gained mutation: You are robust. (+10% HP) [potion of
                  | mutation]
  2627 | D:4      | Gained mutation: You tend to lose your temper in combat.
                  | [potion of mutation]
  2668 | D:4      | Reached skill level 5 in Fighting
  2668 | D:4      | Reached skill level 5 in Armour
  2668 | D:4      | Reached skill level 5 in Shields
  3077 | D:4      | Reached XP level 7. HP: 50/67 MP: 6/9
  3202 | D:4      | Reached skill level 1 in Evocations
  3483 | D:5      | Entered Level 5 of the Dungeon
  3680 | D:5      | Found Kuemouf's Magic Scroll Shoppe.
  3683 | D:5      | Found Zifri's Antique Armour Boutique.
  3934 | D:5      | Bought a scroll of enchant armour for 90 gold pieces
  4071 | D:5      | Reached skill level 1 in Maces & Flails
  4281 | D:5      | Found Ucef's Jewellery Boutique.
  4321 | D:6      | Reached XP level 8. HP: 47/74 MP: 10/10
  4479 | D:6      | Slain by a gnoll sergeant

Illustrated notes

Levels and vault maps discovered:
D:1:      saegor_arrival_under_anarchy, layout_rooms,
          ebering_ecumenical_altar_rust
D:2:      layout_loops_cross, minmay_misc_feat_secret_circle,
          minmay_close_crescents
D:3:      layout_loops_ring, mainiacjoe_overflow_small_starburst,
          minmay_crystal_room, dk_vineyard_2
D:4:      minmay_chambers_of_threes, layout_basic, serial_bayou_pond_c,
          minmay_a_box_with_orc_wizards_in_it, uniq_ijyb
D:5:      layout_rooms, serial_shops, shop, kennysheep_mini, shop_scrolls,
          lemuel_flamethrower_1
D:6:      nicolae_whirlpool, layout_rooms, grunt_gozag_breadcrumbs,
          lemuel_zombie_altar_kikubaaqudgha, lightli_minifort

Skill      XL: |  1  2  3  4  5  6  7  8 |
---------------+-------------------------+-----
Axes           | 1 2 3 4 |  4.0
Fighting       | 4 5 |  5.3
Armour         | 4 5 |  5.3
Shields        | 4 5 |  5.3
Spellcasting   | 2 |  2.0
Evocations     | 4 |  4.3
Maces & Flails | 2 3 |  3.5
Long Blades    | |  2.4

Action                   |  1- 3 |  4- 6 |  7- 9 || total
-------------------------+-------+-------+-------++-------
Melee: Hand axe          |    45 |   117 |    47 ||   209
       Long sword        |     3 |       |       ||     3
       Headbutt          |     5 |    10 |    24 ||    39
       Unarmed           |       |     5 |       ||     5
       Mace              |       |       |    43 ||    43
Evoke: Wand              |       |       |     2 ||     2
  Use: Potion            |     2 |     4 |     3 ||     9
 Stab: Confused          |       |     1 |       ||     1
Armor: Scale mail        |    32 |    13 |       ||    45
       Chain mail        |       |    29 |    56 ||    85
       Skin              |       |    34 |       ||    34
Dodge: Dodged            |    23 |    56 |    56 ||   135
Block: Buckler           |    12 |    26 |    45 ||    83
